Minnesota North Stars vs Boston Bruins

Created - Sunday, February 8, 2026 at 09:19

Goals
1 2 3 OT1 SO T
Minnesota North Stars 0 2 0 0 0 2
Boston Bruins 2 0 0 0 1 3
Shots
1 2 3 OT1 SO T
Minnesota North Stars 10 14 15 0 3 39
Boston Bruins 11 16 5 0 2 32

1st period

1. Boston Bruins , Maxim Tsyplakov 8 (Viktor Arvidsson 10, Rasmus Sandin 9) at 9:16
2. Boston Bruins , Maxim Tsyplakov 9 (Aatu Raty 3, Viktor Arvidsson 11) at 14:58

Penalties :
Matt Roy (MNS) for Delaying the game (Minor) at 2:32

2nd period

3. Minnesota North Stars , Ivan Barbashev 6 (Kent Johnson 1, Ryan Nugent-Hopkins 11) at 5:39
4. Minnesota North Stars , Jonathan Marchessault 6 (Gustav Forsling 4) at 11:22

Penalties :
William Eklund (MNS) for Roughing (Minor) at 15:36

3rd period

No Goal

Penalties :
Jaden Schwartz (BOS) for Tripping (Minor) at 9:29

Overtime #1

No Goal

Penalties :
No Penalty

Shootout

Minnesota North Stars, Kent Johnson - Shot Misses the Net
Boston Bruins, Alex Laferriere - Goal!
Minnesota North Stars, Brock Nelson - Stopped by Petr Mrazek
Boston Bruins, Jakob Pelletier - Stopped by Brandon Bussi
Minnesota North Stars, Ryan Nugent-Hopkins - Shot Misses the Net

Penalties :
No Penalty

Goalie Stats

Brandon Bussi (MNS), 30 saves from 32 shots - (0.938), OTL, 2-3-1, 65:00 minutes
Petr Mrazek (BOS), 37 saves from 39 shots - (0.949), W, 5-4-1, 65:00 minutes

Players Stats for Minnesota North Stars

Player Name              G  A  P  +/- PIM S  H  SB GA TA FO     MP     PP MP  PK MP  
------------------------------------------------------------------------------------
Brock Nelson             0  0  0  -1  0   3  1  0  1  0  8/14   17:43   1:04   0:00 
Erik Cernak              0  0  0   0  0   0  3  1  0  0  0/0    19:45   0:00   1:55 
Frank Vatrano            0  0  0   1  0   3  1  0  3  0  1/2    16:45   0:00   1:54 
Gustav Forsling          0  1  1   0  0   3  5  0  1  1  0/0    24:12   1:06   1:55 
Ivan Barbashev           1  0  1   0  0   1  3  0  0  1  0/0    15:42   0:00   0:00 
Jack Hughes              0  0  0  -1  0   5  0  0  0  0  1/1    17:43   0:55   0:00 
Jonathan Marchessault    1  0  1   1  0   4  2  1  0  0  0/0    17:44   1:04   0:00 
Kent Johnson             0  1  1   0  0   5  1  0  0  0  0/2    17:05   0:55   0:08 
Lawson Crouse            0  0  0   0  0   1  1  0  0  0  0/0     8:04   0:00   0:03 
Matt Roy                 0  0  0   0  2   0  3  2  0  0  0/0    21:43   0:53   0:00 
Mattias Janmark          0  0  0   0  0   1  1  0  0  0  1/1    11:05   0:00   2:01 
Michael Rasmussen        0  0  0   0  0   1  1  0  1  0  0/1    11:13   0:00   1:56 
Neal Pionk               0  0  0   0  0   1  2  0  0  1  0/0    24:18   1:06   2:03 
Niko Mikkola             0  0  0   0  0   1  3  1  1  1  0/0    19:04   0:00   2:03 
Rasmus Dahlin            0  0  0   0  0   0  3  1  0  1  0/0    21:19   0:53   0:00 
Ryan Nugent-Hopkins      0  1  1   0  0   3  1  0  0  0  6/10   17:29   0:00   0:00 
William Eklund           0  0  0  -1  2   3  0  0  2  0  0/0    16:02   1:04   0:00 
William Karlsson         0  0  0   1  0   4  1  0  0  0  11/19  19:04   0:55   1:54 

Players Stats for Boston Bruins

Player Name              G  A  P  +/- PIM S  H  SB GA TA FO     MP     PP MP  PK MP  
------------------------------------------------------------------------------------
Aatu Raty                0  1  1   1  0   1  0  1  0  0  8/11   14:43   0:00   0:00 
Adam Wilsby              0  0  0   0  0   1  0  2  0  1  0/0    20:30   0:00   0:00 
Alex Laferriere          0  0  0   0  0   3  2  0  1  0  3/4    20:52   2:04   0:56 
Beck Malenstyn           0  0  0   0  0   1  2  1  0  0  0/3    13:26   1:51   0:00 
Jack Thompson            0  0  0  -1  0   1  0  0  0  0  0/0    16:45   0:00   0:00 
Jaden Schwartz           0  0  0   0  2   3  1  0  1  0  1/1    18:51   2:04   0:00 
Jakob Pelletier          0  0  0   0  0   3  1  0  0  1  0/0    11:39   0:03   0:00 
Joel Farabee             0  0  0  -1  0   1  2  0  0  1  0/0    14:38   0:00   0:00 
Maxim Tsyplakov          2  0  2   1  0   6  3  0  1  0  1/1    17:29   1:54   0:56 
Ozzy Wiesblatt           0  0  0   0  0   0  1  0  0  0  0/1    10:33   0:00   0:00 
Rasmus Sandin            0  1  1   1  0   1  1  0  0  0  0/0    24:04   2:06   0:58 
Ryan Strome              0  0  0   0  0   3  1  0  0  1  7/22   20:53   2:04   1:03 
Sam Morton               0  0  0  -1  0   2  1  1  0  0  2/6    12:49   0:00   0:00 
Samuel Girard            0  0  0   1  0   2  1  2  1  2  0/0    25:11   2:06   0:58 
Taylor Raddysh           0  0  0  -1  0   0  1  0  0  1  0/1    12:49   0:00   0:00 
Urho Vaakanainen         0  0  0   0  0   2  1  1  1  0  0/0    23:04   1:52   1:01 
Victor Mancini           0  0  0  -1  0   0  0  1  0  2  0/0    20:26   1:52   1:01 
Viktor Arvidsson         0  2  2   1  0   2  1  0  0  0  0/0    19:18   1:54   1:03 

3 Stars

1 - Maxim Tsyplakov (BOS)
2 - Petr Mrazek (BOS)
3 - Viktor Arvidsson (BOS)

Power Play

Minnesota North Stars - 0 on 1 Attempt(s) - 0.00%
Boston Bruins - 0 on 2 Attempt(s) - 0.00%

Penalty Kill

Minnesota North Stars - 2 on 2 Attempt(s) - 100.00% - Score 0 goal in Penalty Kill
Boston Bruins - 1 on 1 Attempt(s) - 100.00% - Score 0 goal in Penalty Kill

Team Stat

Minnesota North Stars - Hits : 32 - Faceoff Wins : 28 - Blocked Shots : 6 - Penalty Minutes : 4
Boston Bruins - Hits : 19 - Faceoff Wins : 22 - Blocked Shots : 9 - Penalty Minutes : 2

Official

Referees : Brian Pochmara and Jordan Samuels
Linesman : Derek Nansen and Bevan Mills

Game Notes

No Game Note

Finance

Level 1 -- Attendance: 4624 (77.07%) -- Ticket Income $462,400
Level 2 -- Attendance: 4007 (80.14%) -- Ticket Income $240,420
Level 3 -- Attendance: 2428 (80.93%) -- Ticket Income $84,980
Level 4 -- Attendance: 3535 (70.70%) -- Ticket Income $88,375
Luxury Box -- Attendance: 797 (79.70%) -- Ticket Income $159,400
Game was played at the TD Garden.
Total Attendance: 15391 (76.96%)
Total Ticket Income: $1,035,575
Other Income: $362,451
Total Income: $1,398,026

Minnesota North Stars

5 vs 5 Forward 
   Center                   Left Wing                Right Wing               Time % Phy DF OF 
 1 Brock Nelson             Jack Hughes              William Eklund           30     0   1  4  
 2 Ryan Nugent-Hopkins      Ivan Barbashev           Kent Johnson             30     0   1  4  
 3 William Karlsson         Frank Vatrano            Jonathan Marchessault    30     0   1  4  
 4 Michael Rasmussen        Lawson Crouse            Mattias Janmark          10     0   4  1  

5 vs 5 Defense 
   Defense                  Defense                                           Time % Phy DF OF 
 1 Matt Roy                 Rasmus Dahlin                                     34     0   3  2  
 2 Gustav Forsling          Neal Pionk                                        34     0   3  2  
 3 Erik Cernak              Niko Mikkola                                      32     0   4  1  
 4 Matt Roy                 Rasmus Dahlin                                     0      1   2  2  

PowerPlay Forward 
   Center                   Left Wing                Right Wing               Time % Phy DF OF 
 1 Brock Nelson             William Eklund           Jonathan Marchessault    50     0   0  5  
 2 William Karlsson         Jack Hughes              Kent Johnson             50     0   0  5  

PowerPlay Defense
   Defense                  Defense                                           Time % Phy DF OF 
 1 Matt Roy                 Rasmus Dahlin                                     50     0   2  3  
 2 Gustav Forsling          Neal Pionk                                        50     0   2  3  

Penalty Kill 4 Players Forward 
   Center                   Wing                     Time % Phy DF OF 
 1 Mattias Janmark          Michael Rasmussen        50     0   5  0  
 2 William Karlsson         Frank Vatrano            50     0   5  0  

Penalty Kill 4 Players Defense
   Defense                  Defense                  Time % Phy DF OF 
 1 Gustav Forsling          Erik Cernak              50     0   5  0  
 2 Niko Mikkola             Neal Pionk               50     0   5  0  

Penalty Kill - 3 Players Forward 
   Forward                                           Time % Phy DF OF 
 1 Ryan Nugent-Hopkins                               50     0   5  0  
 2 Mattias Janmark                                   50     0   5  0  

Penalty Kill - 3 Players Defense
   Defense                  Defense                  Time % Phy DF OF 
 1 Gustav Forsling          Erik Cernak              50     0   5  0  
 2 Niko Mikkola             Neal Pionk               50     0   5  0  

4 vs 4 Forward 
   Center                   Wing                     Time % Phy DF OF 
 1 Brock Nelson             Jack Hughes              50     0   2  3  
 2 Ryan Nugent-Hopkins      Jonathan Marchessault    50     0   2  3  

4 vs 4 Defense
   Defense                  Defense                  Time % Phy DF OF 
 1 Matt Roy                 Rasmus Dahlin            50     0   3  2  
 2 Gustav Forsling          Neal Pionk               50     0   3  2  

Last Minutes Offensive
   Center                   Left Wing                Right Wing               Defense                  Defense                  
   Brock Nelson             Jack Hughes              Kent Johnson             Matt Roy                 Rasmus Dahlin            

Last Minutes Defensive
   Center                   Left Wing                Right Wing               Defense                  Defense                  
   William Karlsson         Michael Rasmussen        Ryan Nugent-Hopkins      Matt Roy                 Erik Cernak              

Goaltenders
Starting : Brandon Bussi            
Backup : Logan Thompson           

Extra Forwards
Normal : William Karlsson, Jonathan Marchessault, Michael Rasmussen - PP : William Karlsson, Jonathan Marchessault - PK : William Karlsson
Extra Defensemen
Normal : Erik Cernak, Niko Mikkola, Gustav Forsling - PP : Erik Cernak - PK : Niko Mikkola, Gustav Forsling
Penalty Shots
Kent Johnson, Brock Nelson, Ryan Nugent-Hopkins, William Karlsson, William Eklund

Scratches
Valeri Nichushkin (Healthy), Dylan DeMelo (Healthy), Charlie Lindgren (Healthy)

Boston Bruins

5 vs 5 Forward 
   Center                   Left Wing                Right Wing               Time % Phy DF OF 
 1 Ryan Strome              Alex Laferriere          Jaden Schwartz           30     1   2  2  
 2 Aatu Raty                Viktor Arvidsson         Maxim Tsyplakov          30     1   2  2  
 3 Sam Morton               Joel Farabee             Taylor Raddysh           25     1   2  2  
 4 Beck Malenstyn           Jakob Pelletier          Ozzy Wiesblatt           15     1   2  2  

5 vs 5 Defense 
   Defense                  Defense                                           Time % Phy DF OF 
 1 Samuel Girard            Rasmus Sandin                                     35     1   2  2  
 2 Adam Wilsby              Urho Vaakanainen                                  35     1   2  2  
 3 Jack Thompson            Victor Mancini                                    30     1   2  2  
 4 Rasmus Sandin            Samuel Girard                                     0      1   2  2  

PowerPlay Forward 
   Center                   Left Wing                Right Wing               Time % Phy DF OF 
 1 Ryan Strome              Alex Laferriere          Jaden Schwartz           50     1   2  2  
 2 Beck Malenstyn           Viktor Arvidsson         Maxim Tsyplakov          50     1   2  2  

PowerPlay Defense
   Defense                  Defense                                           Time % Phy DF OF 
 1 Samuel Girard            Rasmus Sandin                                     50     1   2  2  
 2 Victor Mancini           Urho Vaakanainen                                  50     1   2  2  

Penalty Kill 4 Players Forward 
   Center                   Wing                     Time % Phy DF OF 
 1 Alex Laferriere          Maxim Tsyplakov          50     1   2  2  
 2 Ryan Strome              Viktor Arvidsson         50     1   2  2  

Penalty Kill 4 Players Defense
   Defense                  Defense                  Time % Phy DF OF 
 1 Samuel Girard            Rasmus Sandin            50     1   2  2  
 2 Victor Mancini           Urho Vaakanainen         50     1   2  2  

Penalty Kill - 3 Players Forward 
   Forward                                           Time % Phy DF OF 
 1 Alex Laferriere                                   50     1   2  2  
 2 Ryan Strome                                       50     1   2  2  

Penalty Kill - 3 Players Defense
   Defense                  Defense                  Time % Phy DF OF 
 1 Samuel Girard            Rasmus Sandin            50     1   2  2  
 2 Victor Mancini           Urho Vaakanainen         50     1   2  2  

4 vs 4 Forward 
   Center                   Wing                     Time % Phy DF OF 
 1 Alex Laferriere          Joel Farabee             50     1   2  2  
 2 Ryan Strome              Viktor Arvidsson         50     1   2  2  

4 vs 4 Defense
   Defense                  Defense                  Time % Phy DF OF 
 1 Samuel Girard            Rasmus Sandin            50     1   2  2  
 2 Adam Wilsby              Urho Vaakanainen         50     1   2  2  

Last Minutes Offensive
   Center                   Left Wing                Right Wing               Defense                  Defense                  
   Ryan Strome              Alex Laferriere          Jaden Schwartz           Samuel Girard            Rasmus Sandin            

Last Minutes Defensive
   Center                   Left Wing                Right Wing               Defense                  Defense                  
   Ryan Strome              Alex Laferriere          Jaden Schwartz           Samuel Girard            Rasmus Sandin            

Goaltenders
Starting : Petr Mrazek              
Backup : Leevi Merilainen         

Extra Forwards
Normal : Jakob Pelletier, Joel Farabee, Beck Malenstyn - PP : Jakob Pelletier, Joel Farabee - PK : Beck Malenstyn
Extra Defensemen
Normal : Samuel Girard, Victor Mancini, Rasmus Sandin - PP : Rasmus Sandin - PK : Victor Mancini, Samuel Girard
Penalty Shots
Alex Laferriere, Jakob Pelletier, Ryan Strome, Viktor Arvidsson, Maxim Tsyplakov

Scratches
Jake Neighbours (Healthy), John Marino (Healthy), Mark Kastelic (Healthy), Philippe Daoust (Healthy), Marcus Hogberg (Healthy)

% Time on Ice - Minnesota North Stars

Lines # - Real PCT - Wanted PCT - Time Play
Normal Forward
1 - 29% - 30% - 15:27
2 - 30% - 30% - 16:06
3 - 27% - 30% - 14:29
4 - 15% - 10% - 8:01
Normal Defense
1 - 34% - 34% - 18:21
2 - 35% - 34% - 18:57
3 - 31% - 32% - 16:45
4 - 0% - 0% - 0:00
PP Forward
1 - 54% - 50% - 1:04
2 - 46% - 50% - 0:55
PP Defense
1 - 45% - 50% - 0:53
2 - 55% - 50% - 1:06
PK Forward
1 - 50% - 50% - 1:59
2 - 50% - 50% - 1:59
PK Defense
1 - 48% - 50% - 1:55
2 - 52% - 50% - 2:03
PK3 Forward
1 - 0% - 50%
2 - 0% - 50%
PK3 Defense
1 - 0% - 50%
2 - 0% - 50%
44 Forward
1 - 52% - 50% - 2:37
2 - 48% - 50% - 2:23
44 Defense
1 - 56% - 50% - 2:48
2 - 44% - 50% - 2:12
Last Minute Offensive  - 0:00
Last Minute Defensive  - 0:00
Total
Forward - 65:00
Defense - 65:00

% Time on Ice - Boston Bruins

Lines # - Real PCT - Wanted PCT - Time Play
Normal Forward
1 - 30% - 30% - 16:03
2 - 27% - 30% - 14:38
3 - 24% - 25% - 12:49
4 - 20% - 15% - 10:33
Normal Defense
1 - 35% - 35% - 18:52
2 - 36% - 35% - 19:23
3 - 29% - 30% - 15:48
4 - 0% - 0% - 0:00
PP Forward
1 - 52% - 50% - 2:04
2 - 48% - 50% - 1:54
PP Defense
1 - 53% - 50% - 2:06
2 - 47% - 50% - 1:52
PK Forward
1 - 47% - 50% - 0:56
2 - 53% - 50% - 1:03
PK Defense
1 - 49% - 50% - 0:58
2 - 51% - 50% - 1:01
PK3 Forward
1 - 0% - 50%
2 - 0% - 50%
PK3 Defense
1 - 0% - 50%
2 - 0% - 50%
44 Forward
1 - 49% - 50% - 2:27
2 - 51% - 50% - 2:33
44 Defense
1 - 46% - 50% - 2:19
2 - 54% - 50% - 2:41
Last Minute Offensive  - 0:00
Last Minute Defensive  - 0:00
Total
Forward - 65:00
Defense - 65:00

Play-by-Play

1st period


0:01 of 1st period - Brock Nelson wins face-off versus Ryan Strome in neutral zone.
0:26 of 1st period - Samuel Girard is hit by Matt Roy and loses puck.
1:18 of 1st period - Adam Wilsby is hit by Lawson Crouse and loses puck.
1:53 of 1st period - Maxim Tsyplakov is hit by Gustav Forsling.
1:57 of 1st period - Ryan Nugent-Hopkins is hit by Maxim Tsyplakov.
2:11 of 1st period - Taylor Raddysh is hit by Jonathan Marchessault and loses puck.
2:32 of 1st period - Minor Penalty to Matt Roy for Delaying the game.
2:33 of 1st period - Mattias Janmark wins face-off versus Ryan Strome in Minnesota North Stars zone.
3:12 of 1st period - Wrist shot by Viktor Arvidsson.
3:12 of 1st period - Stopped by Brandon Bussi with a rebound.
3:14 of 1st period - Snap shot by Maxim Tsyplakov.
3:14 of 1st period - Stopped by Brandon Bussi without a rebound.
3:15 of 1st period - William Karlsson wins face-off versus Beck Malenstyn in Minnesota North Stars zone.
4:32 of 1st period - Penalty to Matt Roy is over, Matt Roy is back on ice.
5:06 of 1st period - Niko Mikkola is hit by Alex Laferriere and loses puck.
5:34 of 1st period - Victor Mancini is hit by Rasmus Dahlin and loses puck.
6:02 of 1st period - Snap shot by Jaden Schwartz.
6:02 of 1st period - Deflect By William Eklund.
6:02 of 1st period - Stopped by Brandon Bussi with a rebound.
6:36 of 1st period - Alex Laferriere is hit by Ivan Barbashev and loses puck.
6:53 of 1st period - Wrist shot by Viktor Arvidsson.
6:53 of 1st period - Shot Misses the Net.
7:09 of 1st period - Wrist shot by Jack Hughes.
7:09 of 1st period - Stopped by Petr Mrazek without a rebound.
7:10 of 1st period - Brock Nelson wins face-off versus Sam Morton in Boston Bruins zone.
7:11 of 1st period - Snap shot by Jack Hughes.
7:11 of 1st period - Stopped by Petr Mrazek with a rebound.
7:13 of 1st period - Wrist shot by Brock Nelson.
7:13 of 1st period - Stopped by Petr Mrazek without a rebound.
7:14 of 1st period - Brock Nelson wins face-off versus Aatu Raty in Boston Bruins zone.
7:15 of 1st period - Slapshot by Jack Hughes.
7:15 of 1st period - Shot Hit the Post.
7:17 of 1st period - Slapshot by Niko Mikkola.
7:17 of 1st period - Shot Misses the Net.
7:25 of 1st period - Slapshot by Jack Hughes.
7:25 of 1st period - Stopped by Petr Mrazek without a rebound.
7:26 of 1st period - Ryan Strome wins face-off versus William Karlsson in Boston Bruins zone.
7:51 of 1st period - Viktor Arvidsson is hit by Neal Pionk and loses puck.
8:53 of 1st period - Alex Laferriere is hit by Jonathan Marchessault and loses puck.
9:16 of 1st period - Snap shot by Maxim Tsyplakov.
9:16 of 1st period - Goal by Maxim Tsyplakov - Minnesota North Stars : 0 - Boston Bruins : 1.
9:17 of 1st period - William Karlsson wins face-off versus Ryan Strome in neutral zone.
9:47 of 1st period - Rasmus Dahlin is hit by Maxim Tsyplakov.
10:01 of 1st period - Snap shot by Taylor Raddysh.
10:01 of 1st period - Shot Misses the Net.
10:30 of 1st period - Wrist shot by Mattias Janmark.
10:30 of 1st period - Shot Misses the Net.
10:32 of 1st period - Snap shot by Michael Rasmussen.
10:32 of 1st period - Shot Blocked by Victor Mancini.
11:14 of 1st period - Wrist shot by Ryan Nugent-Hopkins.
11:14 of 1st period - Shot Blocked by Adam Wilsby.
11:46 of 1st period - Snap shot by Jaden Schwartz.
11:46 of 1st period - Shot Misses the Net.
11:48 of 1st period - Wrist shot by Samuel Girard.
11:48 of 1st period - Stopped by Brandon Bussi with a rebound.
11:50 of 1st period - Snap shot by Jaden Schwartz.
11:50 of 1st period - Shot Misses the Net.
12:02 of 1st period - Neal Pionk is hit by Ozzy Wiesblatt.
12:26 of 1st period - Slapshot by Kent Johnson.
12:26 of 1st period - Shot Blocked by Aatu Raty.
12:32 of 1st period - Snap shot by Kent Johnson.
12:32 of 1st period - Stopped by Petr Mrazek with a rebound.
12:34 of 1st period - Wrist shot by Ryan Nugent-Hopkins.
12:34 of 1st period - Stopped by Petr Mrazek without a rebound.
12:35 of 1st period - Jaden Schwartz wins face-off versus Brock Nelson in Boston Bruins zone.
12:43 of 1st period - Off-side.
12:44 of 1st period - Brock Nelson wins face-off versus Ryan Strome in neutral zone.
12:49 of 1st period - Slapshot by Brock Nelson.
12:49 of 1st period - Shot Misses the Net.
12:56 of 1st period - Off-side.
12:57 of 1st period - William Karlsson wins face-off versus Aatu Raty in neutral zone.
13:10 of 1st period - Snap shot by Aatu Raty.
13:10 of 1st period - Shot Misses the Net.
13:12 of 1st period - Wrist shot by Adam Wilsby.
13:12 of 1st period - Stopped by Brandon Bussi with a rebound.
13:22 of 1st period - Sam Morton is hit by Rasmus Dahlin and loses puck.
13:29 of 1st period - Snap shot by Ryan Nugent-Hopkins.
13:29 of 1st period - Shot Misses the Net.
14:09 of 1st period - Slapshot by Michael Rasmussen.
14:09 of 1st period - Stopped by Petr Mrazek with a rebound.
14:11 of 1st period - Slapshot by Gustav Forsling.
14:11 of 1st period - Deflect By Aatu Raty.
14:11 of 1st period - Stopped by Petr Mrazek without a rebound.
14:12 of 1st period - William Karlsson wins face-off versus Sam Morton in Boston Bruins zone.
14:23 of 1st period - Snap shot by Sam Morton.
14:23 of 1st period - Stopped by Brandon Bussi without a rebound.
14:24 of 1st period - Aatu Raty wins face-off versus Ryan Nugent-Hopkins in Minnesota North Stars zone.
14:31 of 1st period - Snap shot by Viktor Arvidsson.
14:31 of 1st period - Shot Misses the Net.
14:33 of 1st period - Slapshot by Urho Vaakanainen.
14:33 of 1st period - Stopped by Brandon Bussi without a rebound.
14:34 of 1st period - Aatu Raty wins face-off versus Ryan Nugent-Hopkins in Minnesota North Stars zone.
14:54 of 1st period - Wrist shot by Viktor Arvidsson.
14:54 of 1st period - Shot Misses the Net.
14:56 of 1st period - Snap shot by Aatu Raty.
14:56 of 1st period - Stopped by Brandon Bussi with a rebound.
14:58 of 1st period - Snap shot by Maxim Tsyplakov.
14:58 of 1st period - Goal by Maxim Tsyplakov - Minnesota North Stars : 0 - Boston Bruins : 2.
14:59 of 1st period - Ryan Strome wins face-off versus William Karlsson in neutral zone.
15:08 of 1st period - Snap shot by Jonathan Marchessault.
15:08 of 1st period - Stopped by Petr Mrazek without a rebound.
15:09 of 1st period - Ryan Strome wins face-off versus William Karlsson in Boston Bruins zone.
15:09 of 1st period - Ryan Strome is hit by Frank Vatrano.
15:29 of 1st period - Off-side.
15:30 of 1st period - Sam Morton wins face-off versus Brock Nelson in neutral zone.
15:40 of 1st period - Icing by Erik Cernak.
15:41 of 1st period - Brock Nelson wins face-off versus Taylor Raddysh in Minnesota North Stars zone.
16:05 of 1st period - Erik Cernak is hit by Taylor Raddysh and loses puck.
16:14 of 1st period - Wrist shot by Joel Farabee.
16:14 of 1st period - Deflect By Jack Hughes.
16:14 of 1st period - Stopped by Brandon Bussi with a rebound.
16:28 of 1st period - Snap shot by Brock Nelson.
16:28 of 1st period - Shot Misses the Net.
16:30 of 1st period - Slapshot by Niko Mikkola.
16:30 of 1st period - Stopped by Petr Mrazek without a rebound.
16:31 of 1st period - Aatu Raty wins face-off versus Ryan Nugent-Hopkins in Boston Bruins zone.
17:19 of 1st period - Wrist shot by Lawson Crouse.
17:19 of 1st period - Shot Blocked by Beck Malenstyn.
17:56 of 1st period - Rasmus Sandin is hit by Erik Cernak.
19:13 of 1st period - Ryan Strome is hit by Erik Cernak and loses puck.
19:26 of 1st period - Joel Farabee is hit by Erik Cernak and loses puck.
19:42 of 1st period - William Eklund is hit by Viktor Arvidsson and loses puck.
19:55 of 1st period - Ryan Nugent-Hopkins is hit by Beck Malenstyn and loses puck.
Goals for this period are 0 for Minnesota North Stars vs 2 for Boston Bruins.
Shots for this period are 10 for Minnesota North Stars vs 11 for Boston Bruins.

2nd period


0:01 of 2nd period - Alex Laferriere wins face-off versus William Karlsson in neutral zone.
0:03 of 2nd period - Jaden Schwartz is hit by Matt Roy and loses puck.
0:44 of 2nd period - Snap shot by Ryan Strome.
0:44 of 2nd period - Stopped by Brandon Bussi with a rebound.
0:46 of 2nd period - Slapshot by Rasmus Sandin.
0:46 of 2nd period - Deflect By Ryan Strome.
0:46 of 2nd period - Stopped by Brandon Bussi with a rebound.
1:08 of 2nd period - Wrist shot by Ryan Strome.
1:08 of 2nd period - Deflect By Jaden Schwartz.
1:08 of 2nd period - Stopped by Brandon Bussi with a rebound.
1:10 of 2nd period - Slapshot by Urho Vaakanainen.
1:10 of 2nd period - Deflect By Jaden Schwartz.
1:10 of 2nd period - Shot Misses the Net.
1:10 of 2nd period - Puck is out of play.
1:11 of 2nd period - Aatu Raty wins face-off versus Kent Johnson in Minnesota North Stars zone.
1:16 of 2nd period - Wrist shot by Kent Johnson.
1:16 of 2nd period - Deflect By Ryan Nugent-Hopkins.
1:16 of 2nd period - Stopped by Petr Mrazek with a rebound.
1:18 of 2nd period - Slapshot by Gustav Forsling.
1:18 of 2nd period - Stopped by Petr Mrazek with a rebound.
1:20 of 2nd period - Snap shot by Gustav Forsling.
1:20 of 2nd period - Shot Misses the Net.
1:22 of 2nd period - Backhand shot by Neal Pionk.
1:22 of 2nd period - Shot Misses the Net.
1:24 of 2nd period - Snap shot by Gustav Forsling.
1:24 of 2nd period - Stopped by Petr Mrazek with a rebound.
1:43 of 2nd period - Snap shot by Taylor Raddysh.
1:43 of 2nd period - Shot Blocked by Erik Cernak.
1:45 of 2nd period - Slapshot by Victor Mancini.
1:45 of 2nd period - Deflect By Taylor Raddysh.
1:45 of 2nd period - Shot Misses the Net.
1:45 of 2nd period - Puck is out of play.
1:46 of 2nd period - Ryan Nugent-Hopkins wins face-off versus Beck Malenstyn in Minnesota North Stars zone.
1:57 of 2nd period - Wrist shot by Jakob Pelletier.
1:57 of 2nd period - Stopped by Brandon Bussi with a rebound.
2:17 of 2nd period - Wrist shot by Viktor Arvidsson.
2:17 of 2nd period - Stopped by Brandon Bussi with a rebound.
2:37 of 2nd period - Joel Farabee is hit by Gustav Forsling and loses puck.
3:20 of 2nd period - Snap shot by Alex Laferriere.
3:20 of 2nd period - Stopped by Brandon Bussi with a rebound.
3:30 of 2nd period - Alex Laferriere is hit by Rasmus Dahlin and loses puck.
3:41 of 2nd period - Wrist shot by Maxim Tsyplakov.
3:41 of 2nd period - Stopped by Brandon Bussi with a rebound.
3:43 of 2nd period - Slapshot by Aatu Raty.
3:43 of 2nd period - Shot Blocked by Rasmus Dahlin.
3:45 of 2nd period - Slapshot by Aatu Raty.
3:45 of 2nd period - Shot Misses the Net.
3:47 of 2nd period - Slapshot by Rasmus Sandin.
3:47 of 2nd period - Stopped by Brandon Bussi without a rebound.
3:48 of 2nd period - Aatu Raty wins face-off versus William Karlsson in Minnesota North Stars zone.
4:34 of 2nd period - Wrist shot by Maxim Tsyplakov.
4:34 of 2nd period - Stopped by Brandon Bussi with a rebound.
4:48 of 2nd period - Jonathan Marchessault is hit by Maxim Tsyplakov and loses puck.
4:55 of 2nd period - Snap shot by William Karlsson.
4:55 of 2nd period - Stopped by Petr Mrazek with a rebound.
4:57 of 2nd period - Wrist shot by Frank Vatrano.
4:57 of 2nd period - Stopped by Petr Mrazek without a rebound.
4:58 of 2nd period - Sam Morton wins face-off versus Kent Johnson in Boston Bruins zone.
4:58 of 2nd period - Sam Morton is hit by Ivan Barbashev.
5:22 of 2nd period - Victor Mancini is hit by Gustav Forsling.
5:37 of 2nd period - Wrist shot by Kent Johnson.
5:37 of 2nd period - Stopped by Petr Mrazek with a rebound.
5:39 of 2nd period - Snap shot by Ivan Barbashev.
5:39 of 2nd period - Goal by Ivan Barbashev - Minnesota North Stars : 1 - Boston Bruins : 2.
5:40 of 2nd period - Ryan Strome wins face-off versus Brock Nelson in neutral zone.
6:30 of 2nd period - Snap shot by Maxim Tsyplakov.
6:30 of 2nd period - Shot Misses the Net.
8:02 of 2nd period - Wrist shot by Ryan Nugent-Hopkins.
8:02 of 2nd period - Deflect By Kent Johnson.
8:02 of 2nd period - Stopped by Petr Mrazek without a rebound.
8:03 of 2nd period - Brock Nelson wins face-off versus Ryan Strome in Boston Bruins zone.
9:39 of 2nd period - Slapshot by Ryan Strome.
9:39 of 2nd period - Shot Misses the Net.
9:59 of 2nd period - Snap shot by Lawson Crouse.
9:59 of 2nd period - Stopped by Petr Mrazek with a rebound.
10:23 of 2nd period - Jakob Pelletier is hit by Kent Johnson and loses puck.
10:37 of 2nd period - Ozzy Wiesblatt is hit by Ivan Barbashev and loses puck.
11:06 of 2nd period - Slapshot by Jakob Pelletier.
11:06 of 2nd period - Stopped by Brandon Bussi without a rebound.
11:07 of 2nd period - Aatu Raty wins face-off versus William Karlsson in Minnesota North Stars zone.
11:10 of 2nd period - Snap shot by Viktor Arvidsson.
11:10 of 2nd period - Shot Misses the Net.
11:16 of 2nd period - Snap shot by Jonathan Marchessault.
11:16 of 2nd period - Shot Misses the Net.
11:18 of 2nd period - Snap shot by Jonathan Marchessault.
11:18 of 2nd period - Shot Misses the Net.
11:20 of 2nd period - Snap shot by Jonathan Marchessault.
11:20 of 2nd period - Stopped by Petr Mrazek with a rebound.
11:22 of 2nd period - Wrist shot by Jonathan Marchessault.
11:22 of 2nd period - Goal by Jonathan Marchessault - Minnesota North Stars : 2 - Boston Bruins : 2.
11:23 of 2nd period - Jack Hughes wins face-off versus Ryan Strome in neutral zone.
12:15 of 2nd period - Off-side.
12:16 of 2nd period - William Karlsson wins face-off versus Sam Morton in neutral zone.
12:41 of 2nd period - Adam Wilsby is hit by Gustav Forsling.
12:47 of 2nd period - William Eklund is hit by Rasmus Sandin and loses puck.
13:27 of 2nd period - Slapshot by Jack Thompson.
13:27 of 2nd period - Stopped by Brandon Bussi with a rebound.
13:31 of 2nd period - Slapshot by Beck Malenstyn.
13:31 of 2nd period - Stopped by Brandon Bussi with a rebound.
13:33 of 2nd period - Slapshot by Urho Vaakanainen.
13:33 of 2nd period - Stopped by Brandon Bussi without a rebound.
13:34 of 2nd period - Ryan Strome wins face-off versus William Karlsson in Minnesota North Stars zone.
14:10 of 2nd period - Backhand shot by Jack Hughes.
14:10 of 2nd period - Shot Blocked by Adam Wilsby.
14:52 of 2nd period - Snap shot by Beck Malenstyn.
14:52 of 2nd period - Shot Misses the Net.
15:21 of 2nd period - Slapshot by Jack Hughes.
15:21 of 2nd period - Stopped by Petr Mrazek with a rebound.
15:23 of 2nd period - Slapshot by Neal Pionk.
15:23 of 2nd period - Stopped by Petr Mrazek without a rebound.
15:24 of 2nd period - Brock Nelson wins face-off versus Aatu Raty in Boston Bruins zone.
15:36 of 2nd period - Minor Penalty to William Eklund for Roughing.
15:37 of 2nd period - Ryan Strome wins face-off versus Frank Vatrano in Minnesota North Stars zone.
16:29 of 2nd period - Niko Mikkola is hit by Ryan Strome and loses puck.
17:36 of 2nd period - Penalty to William Eklund is over, William Eklund is back on ice.
18:07 of 2nd period - Matt Roy is hit by Jakob Pelletier and loses puck.
18:57 of 2nd period - Rasmus Sandin is hit by Michael Rasmussen and loses puck.
19:02 of 2nd period - Slapshot by Mattias Janmark.
19:02 of 2nd period - Shot Misses the Net.
19:12 of 2nd period - Snap shot by Samuel Girard.
19:12 of 2nd period - Stopped by Brandon Bussi without a rebound.
19:13 of 2nd period - Ryan Strome wins face-off versus Ryan Nugent-Hopkins in Minnesota North Stars zone.
19:16 of 2nd period - Wrist shot by Alex Laferriere.
19:16 of 2nd period - Stopped by Brandon Bussi without a rebound.
19:17 of 2nd period - Ryan Nugent-Hopkins wins face-off versus Ryan Strome in Minnesota North Stars zone.
19:24 of 2nd period - Snap shot by Jaden Schwartz.
19:24 of 2nd period - Stopped by Brandon Bussi without a rebound.
19:25 of 2nd period - William Karlsson wins face-off versus Ryan Strome in Minnesota North Stars zone.
19:33 of 2nd period - Urho Vaakanainen is hit by William Karlsson and loses puck.
19:54 of 2nd period - Wrist shot by Ryan Nugent-Hopkins.
19:54 of 2nd period - Shot Blocked by Urho Vaakanainen.
19:56 of 2nd period - Wrist shot by Ryan Nugent-Hopkins.
19:56 of 2nd period - Stopped by Petr Mrazek with a rebound.
Goals for this period are 2 for Minnesota North Stars vs 0 for Boston Bruins.
Shots for this period are 14 for Minnesota North Stars vs 16 for Boston Bruins.

3rd period


0:01 of 3rd period - William Karlsson wins face-off versus Ryan Strome in neutral zone.
0:03 of 3rd period - Off-side.
0:04 of 3rd period - William Karlsson wins face-off versus Ryan Strome in neutral zone.
0:42 of 3rd period - Victor Mancini is hit by Neal Pionk and loses puck.
1:03 of 3rd period - Wrist shot by Brock Nelson.
1:03 of 3rd period - Stopped by Petr Mrazek without a rebound.
1:04 of 3rd period - Ryan Nugent-Hopkins wins face-off versus Ryan Strome in Boston Bruins zone.
1:38 of 3rd period - Snap shot by Viktor Arvidsson.
1:38 of 3rd period - Shot Misses the Net.
2:17 of 3rd period - Snap shot by Alex Laferriere.
2:17 of 3rd period - Shot Blocked by Matt Roy.
3:05 of 3rd period - Backhand shot by Mattias Janmark.
3:05 of 3rd period - Stopped by Petr Mrazek without a rebound.
3:06 of 3rd period - Ryan Nugent-Hopkins wins face-off versus Ryan Strome in Boston Bruins zone.
3:49 of 3rd period - Wrist shot by William Karlsson.
3:49 of 3rd period - Stopped by Petr Mrazek with a rebound.
4:01 of 3rd period - Joel Farabee is hit by Brock Nelson and loses puck.
4:10 of 3rd period - Snap shot by Brock Nelson.
4:10 of 3rd period - Stopped by Petr Mrazek with a rebound.
4:22 of 3rd period - Ryan Nugent-Hopkins is hit by Urho Vaakanainen and loses puck.
4:27 of 3rd period - Snap shot by Beck Malenstyn.
4:27 of 3rd period - Shot Misses the Net.
4:33 of 3rd period - Ozzy Wiesblatt is hit by Niko Mikkola and loses puck.
5:19 of 3rd period - Jonathan Marchessault is hit by Joel Farabee and loses puck.
5:38 of 3rd period - Slapshot by Kent Johnson.
5:38 of 3rd period - Stopped by Petr Mrazek without a rebound.
5:39 of 3rd period - Ryan Nugent-Hopkins wins face-off versus Ozzy Wiesblatt in Boston Bruins zone.
5:54 of 3rd period - Snap shot by Kent Johnson.
5:54 of 3rd period - Shot Misses the Net.
6:18 of 3rd period - Snap shot by Ivan Barbashev.
6:18 of 3rd period - Shot Blocked by Samuel Girard.
6:34 of 3rd period - Slapshot by Rasmus Sandin.
6:34 of 3rd period - Deflect By Beck Malenstyn.
6:34 of 3rd period - Shot Blocked by Matt Roy.
6:34 of 3rd period - Puck is out of play.
6:35 of 3rd period - Maxim Tsyplakov wins face-off versus Brock Nelson in Minnesota North Stars zone.
6:36 of 3rd period - Wrist shot by Viktor Arvidsson.
6:36 of 3rd period - Deflect By Maxim Tsyplakov.
6:36 of 3rd period - Shot Misses the Net.
6:36 of 3rd period - Puck is out of play.
6:37 of 3rd period - Aatu Raty wins face-off versus Brock Nelson in Minnesota North Stars zone.
6:44 of 3rd period - Snap shot by Aatu Raty.
6:44 of 3rd period - Shot Misses the Net.
6:52 of 3rd period - Slapshot by Maxim Tsyplakov.
6:52 of 3rd period - Stopped by Brandon Bussi without a rebound.
6:53 of 3rd period - William Karlsson wins face-off versus Ryan Strome in Minnesota North Stars zone.
7:29 of 3rd period - Slapshot by Frank Vatrano.
7:29 of 3rd period - Shot Blocked by Sam Morton.
8:52 of 3rd period - Slapshot by William Eklund.
8:52 of 3rd period - Stopped by Petr Mrazek with a rebound.
9:18 of 3rd period - Backhand shot by Jakob Pelletier.
9:18 of 3rd period - Stopped by Brandon Bussi with a rebound.
9:20 of 3rd period - Snap shot by Alex Laferriere.
9:20 of 3rd period - Stopped by Brandon Bussi with a rebound.
9:22 of 3rd period - Snap shot by Ryan Strome.
9:22 of 3rd period - Stopped by Brandon Bussi with a rebound.
9:29 of 3rd period - Minor Penalty to Jaden Schwartz for Tripping.
9:30 of 3rd period - Alex Laferriere wins face-off versus Brock Nelson in Boston Bruins zone.
9:42 of 3rd period - Wrist shot by Jonathan Marchessault.
9:42 of 3rd period - Stopped by Petr Mrazek without a rebound.
9:43 of 3rd period - Alex Laferriere wins face-off versus William Karlsson in Boston Bruins zone.
10:40 of 3rd period - Backhand shot by Ryan Strome.
10:40 of 3rd period - Shot Misses the Net.
10:50 of 3rd period - Rasmus Sandin is hit by Matt Roy and loses puck.
11:29 of 3rd period - Penalty to Jaden Schwartz is over, Jaden Schwartz is back on ice.
11:35 of 3rd period - Michael Rasmussen is hit by Joel Farabee and loses puck.
11:42 of 3rd period - Joel Farabee is hit by Mattias Janmark and loses puck.
13:35 of 3rd period - Rasmus Sandin is hit by Niko Mikkola and loses puck.
14:05 of 3rd period - Snap shot by Sam Morton.
14:05 of 3rd period - Stopped by Brandon Bussi with a rebound.
14:47 of 3rd period - Icing by Kent Johnson.
14:48 of 3rd period - Ryan Nugent-Hopkins wins face-off versus Ryan Strome in Minnesota North Stars zone.
14:59 of 3rd period - Snap shot by Ryan Nugent-Hopkins.
14:59 of 3rd period - Shot Blocked by Samuel Girard.
15:05 of 3rd period - Ivan Barbashev is hit by Samuel Girard and loses puck.
15:24 of 3rd period - Kent Johnson is hit by Jaden Schwartz.
15:44 of 3rd period - Kent Johnson is hit by Alex Laferriere and loses puck.
16:25 of 3rd period - Victor Mancini is hit by Ryan Nugent-Hopkins and loses puck.
16:34 of 3rd period - Snap shot by Kent Johnson.
16:34 of 3rd period - Stopped by Petr Mrazek without a rebound.
16:35 of 3rd period - Frank Vatrano wins face-off versus Sam Morton in Boston Bruins zone.
16:44 of 3rd period - Wrist shot by Frank Vatrano.
16:44 of 3rd period - Stopped by Petr Mrazek with a rebound.
16:48 of 3rd period - Snap shot by William Karlsson.
16:48 of 3rd period - Stopped by Petr Mrazek with a rebound.
16:50 of 3rd period - Slapshot by Rasmus Dahlin.
16:50 of 3rd period - Shot Misses the Net.
17:13 of 3rd period - Brock Nelson is hit by Sam Morton.
17:22 of 3rd period - Off-side.
17:23 of 3rd period - Aatu Raty wins face-off versus Michael Rasmussen in neutral zone.
17:28 of 3rd period - Wrist shot by Maxim Tsyplakov.
17:28 of 3rd period - Shot Misses the Net.
18:16 of 3rd period - Snap shot by Ozzy Wiesblatt.
18:16 of 3rd period - Shot Blocked by Niko Mikkola.
18:18 of 3rd period - Wrist shot by Jakob Pelletier.
18:18 of 3rd period - Deflect By Ozzy Wiesblatt.
18:18 of 3rd period - Shot Blocked by Jonathan Marchessault.
18:18 of 3rd period - Puck is out of play.
18:19 of 3rd period - William Karlsson wins face-off versus Beck Malenstyn in Minnesota North Stars zone.
18:26 of 3rd period - Snap shot by Frank Vatrano.
18:26 of 3rd period - Stopped by Petr Mrazek with a rebound.
18:32 of 3rd period - Snap shot by William Karlsson.
18:32 of 3rd period - Stopped by Petr Mrazek with a rebound.
18:44 of 3rd period - Ozzy Wiesblatt is hit by Niko Mikkola and loses puck.
18:49 of 3rd period - Snap shot by William Eklund.
18:49 of 3rd period - Stopped by Petr Mrazek with a rebound.
18:51 of 3rd period - Snap shot by Jack Hughes.
18:51 of 3rd period - Shot Misses the Net.
18:53 of 3rd period - Slapshot by Rasmus Dahlin.
18:53 of 3rd period - Deflect By William Eklund.
18:53 of 3rd period - Stopped by Petr Mrazek with a rebound.
19:57 of 3rd period - Snap shot by Jack Hughes.
19:57 of 3rd period - Stopped by Petr Mrazek without a rebound.
19:58 of 3rd period - William Karlsson wins face-off versus Ryan Strome in Boston Bruins zone.
Goals for this period are 0 for Minnesota North Stars vs 0 for Boston Bruins.
Shots for this period are 15 for Minnesota North Stars vs 5 for Boston Bruins.

Overtime #1


0:01 of 1st overtime period - Brock Nelson wins face-off versus Alex Laferriere in neutral zone.
0:16 of 1st overtime period - Wrist shot by Joel Farabee.
0:16 of 1st overtime period - Shot Misses the Net.
1:50 of 1st overtime period - Ryan Nugent-Hopkins is hit by Beck Malenstyn and loses puck.
2:19 of 1st overtime period - Jakob Pelletier is hit by Gustav Forsling and loses puck.
Goals for this period are 0 for Minnesota North Stars vs 0 for Boston Bruins.
Shots for this period are 0 for Minnesota North Stars vs 0 for Boston Bruins.

ShootOut


5:00 of 1st overtime period - Round #1.
5:00 of 1st overtime period - Minnesota North Stars, Kent Johnson.
5:00 of 1st overtime period - Wrist shot by Kent Johnson.
5:00 of 1st overtime period - Shot Misses the Net.
5:00 of 1st overtime period - Boston Bruins, Alex Laferriere.
5:00 of 1st overtime period - Snap shot by Alex Laferriere.
5:00 of 1st overtime period - Goal by Alex Laferriere.
5:00 of 1st overtime period - Round #2.
5:00 of 1st overtime period - Minnesota North Stars, Brock Nelson.
5:00 of 1st overtime period - Snap shot by Brock Nelson.
5:00 of 1st overtime period - Stopped by Petr Mrazek.
5:00 of 1st overtime period - Boston Bruins, Jakob Pelletier.
5:00 of 1st overtime period - Deke by Jakob Pelletier.
5:00 of 1st overtime period - Stopped by Brandon Bussi.
5:00 of 1st overtime period - Round #3.
5:00 of 1st overtime period - Minnesota North Stars, Ryan Nugent-Hopkins.
5:00 of 1st overtime period - Snap shot by Ryan Nugent-Hopkins.
5:00 of 1st overtime period - Shot Misses the Net.